 Dungeon Crawl Stone Soup version 0.26.1-2-gb8aa6d0cf2 (webtiles) character file.

Game seed: 9248396001153456857

64 Amaterasu the Skirmisher (level 3, 0/30 HPs)
             Began as a Demonspawn Fighter on Feb 16, 2021.
             Slain by Terence
             ... wielding a +0 short sword
              (3 damage)
             ... on level 2 of the Dungeon.
             The game lasted 00:01:34 (1051 turns).

Amaterasu the Skirmisher (Demonspawn Fighter)       Turns: 1051, Time: 00:01:35

Health: 0/30       AC:  0    Str: 17    XL:     3   Next: 91%
Magic:  3/3        EV: 17    Int:  9    God:
Gold:   50         SH:  0    Dex: 17    Spells: 2/2 levels left

rFire    . . .     SeeInvis .   (weapon currently unavailable)
rCold    . . .     Faith    .   (shield currently unavailable)
rNeg     . . .     Spirit   .   (armour currently unavailable)
rPois    .         Reflect  .   (helmet currently unavailable)
rElec    .         Harm     .   (cloak currently unavailable)
rCorr    .         Rampage  .   (gloves currently unavailable)
Will     .....                  (boots currently unavailable)
Stlth    ++........             (no amulet)
HPRegen  0.10/turn              (ring currently unavailable)
MPRegen  0.08/turn              (ring currently unavailable)

@: bat-form, flying, very quick
A: tiny
a: Stop Flying


You were on level 2 of the Dungeon.
You were in bat-form.
You visited 1 branch of the dungeon, and saw 2 of its levels.

You collected 50 gold pieces.

Inventory:

Hand Weapons
 a - a +1 long sword (melded)
Armour
 b - a +0 scale mail (melded)
 c - a +0 kite shield (melded)
 i - a +0 plate armour
Jewellery
 h - a ring of flight (melded)
Scrolls
 e - a scroll of remove curse
Potions
 d - a potion of might
 f - 2 potions of heal wounds
 k - a potion of flight {unknown}


   Skills:
 * Level 4.1 Fighting
 * Level 2.9 Long Blades
 - Level 2.6 Armour
 - Level 2.6 Shields


You had 2 spell levels left.
You didn't know any spells.
Your spell library was empty.

Dungeon Overview and Level Annotations

Branches:
Dungeon (2/15)

Altars:

Annotations:
D:2 Terence


Innate Abilities, Weirdness & Mutations

((You are partially covered in molten scales. (AC +2)))


Message History

You hit something but do no damage. Something hits you.
You hit something but do no damage.
You hear a zap.
You barely miss something. You closely miss something. Something hits you.
You barely miss something.
You hear a zap.
Something tries to affect you, but you resist.
You hit something but do no damage.
You hear a zap.
You hit something. Something hits you.
You barely miss something. Something hits you.
You hit something but do no damage. Something hits you.
* * * LOW HITPOINT WARNING * * *
You barely miss something.
You hear a zap.
You hit something but do no damage. Something hits you.
* * * LOW HITPOINT WARNING * * *
Something hits you.
You die...

# #...#..#.#.#<........
#.#...#..#.#.#.##...##.
........#.#.#.##.#.#
#..........#....# ..
#..........#..#.# #
#.....#.......# #
#.#....#.#######
#.#....#<.......
#.#b##.#########
#†{.##.# ######.# #.#
..# ##. .


There were no monsters in sight!

Vanquished Creatures
  An adder (D:2)
  3 oozes (D:1)
  2 dart slugs
  2 leopard geckos (D:1)
  2 giant cockroaches (D:1)
  5 goblins (D:1)
  2 hobgoblins (D:1)
  4 jackals (D:1)
  4 kobolds (D:1)
  6 bats (D:1)
  2 rats (D:1)
33 creatures vanquished.

Notes
Turn   | Place    | Note
-------+----------+-------------------------------------------
     0 | D:1      | Amaterasu the Demonspawn Fighter began the quest for the
                  | Orb.
     0 | D:1      | Reached XP level 1. HP: 18/18 MP: 1/1
   108 | D:1      | Gained mutation: You are partially covered in molten
                  | scales. (AC +2) [demonic ancestry]
   108 | D:1      | Reached XP level 2. HP: 23/24 MP: 2/2
   392 | D:1      | Reached XP level 3. HP: 29/30 MP: 3/3
   807 | D:1      | Reached skill level 4 in Fighting
  1025 | D:2      | Noticed Terence
  1051 | D:2      | Slain by Terence

Illustrated notes

Levels and vault maps discovered:
D:1:      dpeg_arrival_erosion, layout_loops_cross, minivault_24
D:2:      layout_basic, uniq_terence

Skill      XL: |  1  2  3 |
---------------+----------+-----
Long Blades    | 2 |  2.9
Fighting       | 4 |  4.1
Armour         | |  2.6
Shields        | |  2.6

Action                   || total
-------------------------++-------
Melee: Long sword        ||   106
       Unarmed           ||    14
  Use: Scroll            ||     5
Armor: Scale mail        ||    70
Dodge: Dodged            ||    46
Block: Kite shield       ||    54
       Rpst.: Long sword ||    19
